 Dungeon Crawl Stone Soup version 0.29-a0-371-g91724d5b39 (webtiles) character file.

Game seed: 6707067072113985004

23 jlumianski the Covered (level 2, -3/24 HPs)
             Began as a Demonspawn Fighter on May 2, 2022.
             Slain by a gnoll
             ... wielding a +0 club
              (6 damage)
             ... on level 1 of the Dungeon.
             The game lasted 00:01:55 (763 turns).

jlumianski the Covered (Demonspawn Fighter)          Turns: 763, Time: 00:01:56

Health: -3/24      AC:  9    Str: 16    XL:     2   Next: 72%
Magic:  2/2        EV:  7    Int:  9    God:
Gold:   13         SH:  4    Dex: 12    Spells: 1/1 levels left

rFire   . . .      SeeInvis .   a - +0 war axe
rCold   . . .      Faith    .   c - +0 buckler
rNeg    . . .      Spirit   .   l - +0 chain mail
rPois   .          Reflect  .   (no helmet)
rElec   .          Harm     .   (no cloak)
rCorr   .          Rampage  .   (no gloves)
Will    .....                   (no boots)
Stlth   ..........              (no amulet)
HPRegen 0.08/turn               (no ring)
MPRegen 0.08/turn               (no ring)

@: no status effects
A: sturdy frame 1
a: no special abilities


You were on level 1 of the Dungeon.
You visited 1 branch of the dungeon, and saw 2 of its levels.

You collected 13 gold pieces.

Inventory:

Hand Weapons
 a - a +0 war axe (weapon)
Missiles
 e - 6 poisoned darts (quivered)
Armour
 b - a +0 scale mail
 c - a +0 buckler (worn)
 l - a +0 chain mail (worn)
Scrolls
 f - a scroll of fog {unknown}
 g - 3 scrolls of holy word {unknown}
 k - a scroll of teleportation {unknown}
Potions
 d - a potion of might
 h - 2 potions of curing {unknown}
 i - a potion of brilliance {unknown}
 j - a potion of heal wounds {unknown}


   Skills:
 + Level 3.0 Fighting
 + Level 2.0 Axes
 + Level 3.3 Armour
 + Level 0.1 Dodging
 + Level 2.8 Shields


You had one spell level left.
You didn't know any spells.
Your spell library contained the following spells:

 Spells                   Type           Power      Damage    Failure   Level
 Stone Arrow              Conj/Erth      0%         3d7       100%        3
 Animate Armour           Summ/Erth      0%         N/A       100%        4
 Lehudib's Crystal Spear  Conj/Erth      0%         10d2      100%        8


Dungeon Overview and Level Annotations

Branches:
Dungeon (2/15)

Altars:
Beogh


Innate Abilities, Weirdness & Mutations

Your movements are slightly less encumbered by armour. (ER -2)


Message History

The gnoll hits you but does no damage. You block the gnoll's attack.
You climb upwards.
You feel sick.
There is a stone staircase leading down here.
The gnoll attacks as you move away! The gnoll hits you but does no damage.
You feel sick.
The adder bites you but does no damage. x2
The gnoll attacks as you move away! The gnoll hits you with a +0 club.
You feel sick.
You feel sick.
There is an open door here.
You feel sick.
You are no longer poisoned.
The adder bites you but does no damage.
You miss the adder.
The adder bites you but does no damage. x2
You closely miss the adder. The adder completely misses you.
The adder bites you but does no damage.
You barely miss the adder. The adder barely misses you.
You miss the adder.
The adder bites you but does no damage. x2
You miss the adder. The adder bites you.
The adder bites you but does no damage.
You hit the adder.
The adder is moderately wounded.
The adder bites you.
You are poisoned.
The adder poisons you! You block the adder's attack.
You slash the adder!
You kill the adder!
You feel sick.
You hit the gnoll.
The gnoll is lightly wounded.
You feel sick. The gnoll closely misses you. The gnoll hits you with a +0 club.
* * * LOW HITPOINT WARNING * * *
You slash the gnoll!
The gnoll is heavily wounded.
You feel sick.
You are no longer poisoned.
The gnoll closely misses you.
You closely miss the gnoll.
The gnoll is heavily wounded.
The gnoll hits you but does no damage. The gnoll hits you with a +0 club.
You die...

..## #...#####..#.##
...###....##...##..#
..#..........#####.#
.####.#.#...## ##.#
.########.#### #..#
.............# ##.##
####.#######.###..#
.....### #..##.## .......#
##.##@# .....#.# #.g#g#
.)...#.#######.#'#########
....##.##...##.......>...#
....##.##...##...........#
....##...................#
....#####...##...........#
....# #...##...........#
##### #...##...........#


You could see a gnoll.

Vanquished Creatures
  An adder (D:1)
  A ball python (D:1)
  2 bats (D:1)
  4 giant cockroaches (D:1)
  A kobold (D:1)
  2 frilled lizards (D:1)
  A goblin (D:1)
  A rat (D:1)
13 creatures vanquished.

Notes
Turn   | Place    | Note
-------+----------+-------------------------------------------
     0 | D:1      | jlumianski the Demonspawn Fighter began the quest for the
                  | Orb.
     0 | D:1      | Reached XP level 1. HP: 18/18 MP: 1/1
   310 | D:1      | Gained mutation: Your movements are slightly less
                  | encumbered by armour. (ER -2) [demonic ancestry]
   310 | D:1      | Reached XP level 2. HP: 22/24 MP: 2/2
   669 | D:1      | Found a faded altar of an unknown god.
   763 | D:1      | Slain by a gnoll

Illustrated notes

Levels and vault maps discovered:
D:1:      dpeg_arrival_arbitrary_b, layout_basic,
          hellmonk_ecumenical_altar_defaced_shrine, serial_bayou_crossing
D:2:      layout_loops_ring, serial_shops, shop, shop, minmay_octomino_c4

Skill      XL: |  1 |
---------------+----+-----
Axes           | 2 |  2.0
Armour         | 3 |  3.3
Fighting       | |  3.0
Dodging        | |  0.1
Shields        | |  2.8

Action                   || total
-------------------------++-------
Melee: War axe           ||    46
Armor: Scale mail        ||    20
       Chain mail        ||    32
Dodge: Dodged            ||    20
Block: Buckler           ||    18

Table legend: (Time is in decaauts)
 A = Elapsed time spent in this place.
 B = Non-inter-level travel time spent in this place.
 C = Inter-level travel time spent in this place.
 D = Time resting spent in this place.
 E = Time spent auto-exploring this place.
 F = Levels seen in this place.
 G = Mean time per level.
                   A        B        C        D        E       F      G
               +--------+--------+--------+--------+--------+-----+--------+
         Total |    799 |    799 |      0 |      0 |    574 |   2 |  399.5 |
       Dungeon |    799 |    799 |      0 |      0 |    574 |   2 |  399.5 |
               +--------+--------+--------+--------+--------+-----+--------+

Top non-repeatable levels by time:
     D:1: 792 daAuts
     D:2: 7 daAuts
